 Dungeon Crawl Stone Soup version 0.17.0-28-g6e173f8 (webtiles) character file.

10245 ShokerKer the Cleaver (level 11, -11/104 HPs)
             Began as a Minotaur Fighter on Nov 22, 2015.
             Was a High Priest of Okawaru.
             Mangled by an orc warrior
             ... wielding a +2 battleaxe of distortion
              (21 damage)
             ... while paralysed by an orc sorcerer
             ... on level 1 of the Orcish Mines.
             The game lasted 00:55:19 (9847 turns).

ShokerKer the Cleaver (Minotaur Fighter)            Turns: 9847, Time: 00:55:19

Health: -11/104    AC: 21    Str: 23    XL:     11   Next: 33%
Magic:  12/12      EV:  2    Int:  5    God:    Okawaru [*****.]
Gold:   535        SH:  0    Dex: 14    Spells: 0 memorised, 10 levels left

rFire  . . .     SeeInvis .     a - +1 war axe
rCold  + . .     Clarity  .     v - +0 plate armour
rNeg   . . .     SustAt   .     (no shield)
rPois  .         Gourm    .     y - +2 hat
rElec  +         Spirit   .     (no cloak)
rCorr  .         Warding  .     g - +1 pair of gloves
rMut   .         Stasis   .     j - +0 pair of boots
MR     .....                    (no amulet)
Stlth  ..........               o - +4 ring of slaying
                                q - ring "Lifue" {rElec rC+ Dex+3}

@: paralysed, drained, not resistant to hostile enchantments, extremely
unstealthy
A: retaliatory headbutt, horns 2
a: Heroism, Finesse, Renounce Religion


You were on level 1 of the Orcish Mines.
You worshipped Okawaru.
Okawaru was extremely pleased with you.
You were not hungry.

You visited 2 branches of the dungeon, and saw 10 of its levels.
You visited the Abyss 1 time.

You collected 535 gold pieces.

Inventory:

Hand Weapons
 a - a +1 war axe (weapon)
Armour
 g - a +1 pair of gloves (worn)
 j - a +0 pair of boots (worn)
 v - a +0 plate armour (worn)
 y - a +2 hat (worn)
Jewellery
 l - an uncursed ring of protection from magic
 o - a +4 ring of slaying (right hand)
 q - the ring "Lifue" (left hand) {rElec rC+ Dex+3}
   (You found it on level 6 of the Dungeon)

   [ring of protection from cold]

   It affects your dexterity (+3).
   It protects you from cold.
   It insulates you from electricity.
 t - an uncursed ring of wizardry
 B - an uncursed ring of ice
Wands
 b - a wand of slowing (17)
 i - a wand of heal wounds (3)
Scrolls
 c - 5 scrolls of identify
 h - 2 scrolls of remove curse
 n - 2 scrolls of noise
 s - 5 scrolls of teleportation
 u - a scroll of immolation
 w - a scroll of enchant weapon
 x - a scroll of blinking
Potions
 d - 2 potions of might
 e - a potion of haste
 f - a potion of curing
 p - 2 potions of brilliance
Comestibles
 k - 2 fruits
 m - 4 meat rations
 r - a bread ration
 z - a beef jerky
 A - a slice of pizza


   Skills:
 + Level 11.8(11.4) Fighting
 + Level 12.4(12.0) Axes
 + Level 12.4(12.1) Armour
   Level 3.8(3.5) Shields
 * Level 3.7(3.4) Invocations


You had 10 spell levels left.
You didn't know any spells.

Dungeon Overview and Level Annotations

Branches:
Dungeon (10/15)               Orc (1/4) D:10
 Temple: D:4-7         Lair: D:8-11

Altars:
Cheibriados
Elyvilon
Fedhas
Kikubaaqudgha
Makhleb
Okawaru
Qazlal
Trog
The Shining One

Shops:
D:10 ([

Annotations:
D:10 exclusion: ice statue


Innate Abilities, Weirdness & Mutations

You reflexively headbutt those who attack you in melee.
You have a pair of horns on your head.


Message History

The orc warrior hits you with a glaive!
You miss the orc sorcerer.
The orc sorcerer is lightly wounded.
You barely miss the orc warrior. You hit something. Okawaru accepts your kill.
Reactivating autopickup.
You feel a bit more experienced.
You hit the orc warrior but do no damage.
The orc warrior is lightly wounded.
The orc sorcerer gestures at you while chanting.
You suddenly lose the ability to move!
The orc warrior barely misses you.
The orc sorcerer points at you and mumbles some strange words.
You resist with significant effort.
The orc priest calls down the wrath of Beogh upon you.
You struggle to resist.
The orc warrior hits you with a battleaxe of distortion!!
* * * LOW HITPOINT WARNING * * *
Space warps horribly around you!
You die...

.......##.........$###.
..............##......#
#.......#.............
##....$............##.
#..........#..##..##
#............#####
##.$.#$......#
#....#o..#$.##
##...@o4...##
#.#.)oo......#
#.........$....
#...##..#...$... #....
........... ....
............ ..#
....##....>.. .. ...###
.......


You could see a sixfirhy, an orc sorcerer, 2 orc warriors and an orc priest.

Vanquished Creatures
  Gastronok (D:9)
  Fannar (D:10)
  A smoke demon (Abyss:1)
  A troll (D:7)
  A blue devil (Abyss:1)
  3 two-headed ogres
  Grinder (D:4)
  Sigmund (D:2)
  A ynoxinul (Abyss:1)
  A hippogriff (D:7)
  A hungry ghost (D:7)
  A warg (Orc:1)
  Menkaure (D:7)
  A neqoxec (Abyss:1)
  9 orc warriors
  2 sky beasts
  2 phantoms
  6 ogres
  4 centaurs
  2 ice beasts
  A water moccasin (D:6)
  2 big kobolds
  A crocodile (D:9)
  The ghost of BLOAX the Ruffian, an amateur VSBe of Trog (D:6)
  5 giant frogs
  4 scorpions
  8 wights (D:7)
  A small abomination (Abyss:1)
  A centaur zombie (D:6)
  6 crimson imps
  2 hounds (D:7)
  A giant frog skeleton (D:6)
  A jelly (D:9)
  Crazy Yiuf (D:6)
  Ijyb (D:2)
  A centaur skeleton (D:8)
  9 orc priests
  Jessica (D:2)
  8 orc wizards
  3 iguanas
  5 worker ants
  A killer bee zombie (D:7)
  2 hound skeletons
  A worker ant zombie (D:8)
  Robin (D:2)
  9 adders
  An adder skeleton (D:9)
  A worm (D:3)
  49 orcs
  A ball python (D:2)
  3 giant cockroaches (D:3)
  15 goblins
  4 hobgoblins
  2 jackals (D:6)
  11 kobolds
  3 quokkas
  3 bats
  6 giant geckos
  6 giant newts
  A jackal zombie (D:6)
  6 rats
230 creatures vanquished.

Vanquished Creatures (others)
  Erolcha (D:9)
  2 orcs (D:3)
  A goblin (D:3)
4 creatures vanquished.

Grand Total: 234 creatures vanquished

Notes
Turn   | Place    | Note
--------------------------------------------------------------
     0 | D:1      | ShokerKer the Minotaur Fighter began the quest for the Orb.
     0 | D:1      | Reached XP level 1. HP: 19/19 MP: 0/0
   204 | D:1      | Reached XP level 2. HP: 24/27 MP: 1/1
   278 | D:1      | Reached skill level 4 in Armour
   467 | D:2      | Noticed Sigmund
   484 | D:2      | Killed Sigmund
   484 | D:2      | Reached skill level 5 in Fighting
   484 | D:2      | Reached skill level 5 in Armour
   484 | D:2      | Reached XP level 3. HP: 26/36 MP: 2/2
   484 | D:2      | Reached XP level 4. HP: 30/42 MP: 3/3
   484 | D:2      | Reached XP level 5. HP: 34/48 MP: 4/4
   674 | D:2      | Noticed Jessica
   678 | D:2      | Killed Jessica
   686 | D:2      | Noticed Ijyb
   690 | D:2      | Killed Ijyb
   705 | D:2      | Noticed Robin
   710 | D:2      | Killed Robin
   770 | D:2      | Reached XP level 6. HP: 56/56 MP: 5/5
   906 | D:2      | Found a white marble altar of Elyvilon.
  1431 | D:3      | Reached skill level 5 in Axes
  1801 | D:4      | Found an iron altar of Okawaru.
  1806 | D:4      | Reached skill level 6 in Armour
  1809 | D:4      | Noticed Grinder
  1819 | D:4      | Killed Grinder
  1819 | D:4      | Reached XP level 7. HP: 43/63 MP: 6/6
  1820 | D:4      | Became a worshipper of Warmaster Okawaru
  1856 | D:4      | You fall through a shaft for 2 floors!
  1864 | D:6      | Found a glowing golden altar of the Shining One.
  1994 | D:6      | Reached skill level 7 in Armour
  2304 | D:6      | Found a blossoming altar of Fedhas.
  2356 | D:6      | Found an ancient bone altar of Kikubaaqudgha.
  2493 | D:6      | Noticed Crazy Yiuf
  2503 | D:6      | Killed Crazy Yiuf
  2539 | D:6      | Noticed BLOAX's ghost (amateur VSBe)
  2550 | D:6      | Killed BLOAX's ghost
  2550 | D:6      | Reached * piety under Okawaru
  2799 | D:6      | Reached XP level 8. HP: 43/73 MP: 7/7
  2944 | D:6      | Got a shimmering silver ring
  2948 | D:6      | Identified the ring "Lifue" {rElec rC+ Dex+3} (You found it on level 6 of the Dungeon)
  3082 | D:6      | Reached skill level 8 in Armour
  3491 | D:7      | Noticed a troll
  3499 | D:7      | Killed a troll
  3499 | D:7      | Reached ** piety under Okawaru
  3790 | D:7      | Reached skill level 9 in Armour
  3861 | D:7      | Found a stormy altar of Qazlal.
  4078 | D:7      | Reached XP level 9. HP: 82/82 MP: 8/8
  4104 | D:7      | Reached skill level 1 in Invocations
  4524 | D:7      | Found a bloodstained altar of Trog.
  4613 | D:7      | Reached *** piety under Okawaru
  4704 | D:7      | Noticed Menkaure
  4710 | D:7      | Killed Menkaure
  4719 | D:7      | Reached skill level 10 in Armour
  4850 | D:7      | Received a gift from Okawaru
  5765 | D:8      | Identified the Collected Works on Poisonous Summoning (You found it on level 8 of the Dungeon)
  5800 | D:8      | Found a burning altar of Makhleb.
  5833 | D:8      | Noticed a blizzard demon
  5836 | D:8      | Noticed an orange demon
  6297 | D:9      | Reached XP level 10. HP: 85/93 MP: 11/11
  6519 | D:9      | Reached **** piety under Okawaru
  6528 | D:9      | Reached skill level 10 in Axes
  6532 | D:9      | Reached skill level 10 in Fighting
  6558 | D:9      | Reached skill level 11 in Armour
  6716 | D:9      | Noticed Erolcha
  6720 | D:9      | Paralysed by Erolcha for 2 turns
  6726 | D:9      | Killed Erolcha
  6821 | D:9      | Noticed Gastronok
  6841 | D:9      | Killed Gastronok
  6841 | D:9      | Reached ***** piety under Okawaru
  7283 | D:9      | Found a burning altar of Makhleb.
  8036 | D:10     | Entered Level 10 of the Dungeon
  8247 | D:10     | Found Dihek's Weapon Boutique.
  8249 | D:10     | Found a staircase to the Orcish Mines.
  8262 | D:10     | Reached XP level 11. HP: 19/102 MP: 9/12
  8263 | D:10     | Reached skill level 12 in Armour
  8507 | D:10     | Found Moxzer's Armour Boutique.
  8598 | D:10     | Found a snail-covered altar of Cheibriados.
  8687 | D:10     | Noticed Fannar
  8728 | D:10     | Killed Fannar
  9582 | Orc:1    | Entered Level 1 of the Orcish Mines
  9640 | Orc:1    | Paralysed by an orc sorcerer for 5 turns
  9651 | Orc:1    | Cast into the Abyss (orc warrior)
  9791 | Abyss:1  | Found a corrupted altar of Lugonu.
  9829 | Abyss:1  | Noticed a thrashing horror
  9830 | Abyss:1  | Noticed a great orb of eyes
  9835 | Orc:1    | Escaped the Abyss
  9845 | Orc:1    | Paralysed by an orc sorcerer for 5 turns
  9847 | Orc:1    | Mangled by an orc warrior

Action                   |  1- 3 |  4- 6 |  7- 9 | 10-12 || total
-------------------------+-------+-------+-------+-------++-------
Melee: War axe           |    29 |   113 |   235 |   218 ||   595
Invok: Heroism           |       |       |     1 |     2 ||     3
Evoke: Wand              |       |       |       |     2 ||     2
  Use: Scroll            |     1 |     3 |     4 |     5 ||    13
       Potion            |       |     1 |     3 |     5 ||     9
 Stab: Invisible         |       |     1 |       |       ||     1
  Eat: Bread ration      |       |     1 |     2 |       ||     3
       Chunk             |       |       |     7 |     6 ||    13
       Meat ration       |       |       |       |     1 ||     1
       Fruit             |       |       |       |     2 ||     2
